cohdb
Replays
Latest Replays
All Replays
Popular Replays
Top Player Replays
Match Explorer
How It Works
Community
CoH3 Stats
Reddit
Sign in to upload your games and track your stats! →
Sign in with Steam
Match 45531981
Unlisted
Match 45531981
Overview
Messages
Build Orders
End
Panzergrenadier Squad
250 Light Carrier
Panzerpioneer Squad
Construct Light Support Kompanie
Assault Grenadier Squad
Fire Support Elements
Combat Half-tracks
Flakvierling Half-track
Panzerjäger Mechanized Group
Vehicle Survival Package
Construct Panzerarmee Kommand
Panzer III L Medium Tank
Emergency Repair Kits
Panzer III L Medium Tank
Panzerjäger Mechanized Group
Panzer III L Medium Tank
Selects Panzerjäger Kommand Battlegroup
Selects Tank Busters
Selects Blockade Equipment
Panzer III L Medium Tank
Panzer III L Medium Tank
Selects Early Warning
Selects Butterfly Bomb Drop
Butterfly Bomb Drop
Woon86
iShootMedics
tomamen
Engooeer
Brick_man
Dr. T
0
0
Comments
sign in to comment!
No comments posted yet!